AA
TEXAS AIRHOGS @ CHICAGO DOGS
07/08/2072
 
TOP OF THE 1ST
Fargo-Moorhead RedHawks batting - Pitching for Lincoln Saltdogs : LHP Tyler Anderson
Pitching: LHP Tyler Anderson
Batting: RHB Rich Boone 0-0: Called Strike
0-1: Ground out 6-3 (Groundball, 4M, EV 88.8 MPH)
Batting: RHB Luis Nerey 0-0: Ball
1-0: Fly out, F3 (Popup, 3SF, EV 70.6 MPH)
Batting: RHB Robert Pawley 0-0: Called Strike
0-1: Called Strike
0-2: Ball
1-2: Ball
2-2: Ball
3-2: SOLO HOME RUN (Line Drive, 7D, EV 108.1 MPH), Distance : 400 ft
Batting: RHB Jon Ballejos 0-0: Ball
1-0: Foul Ball, location: 2F
1-1: Ball
2-1: Ground out 1-3 (Groundball, 13, EV 70.0 MPH)
Top of the 1st over - 1 run, 1 hit, 0 errors, 0 left on base; Fargo-Moorhead 1 - Lincoln 0
BOTTOM OF THE 1ST
Lincoln Saltdogs batting - Pitching for Fargo-Moorhead RedHawks : RHP Chris Gill
Pitching: RHP Chris Gill
Batting: LHB Tyler Hedderman 0-0: Ball
1-0: Ball
2-0: Ball
3-0: Swinging Strike
3-1: Base on Balls
Batting: RHB Noah Dotson 0-0: Ball
1-0: Ball
2-0: Foul Ball, location: 2F
2-1: Ground out 5-3 (Groundball, 5S, EV 74.4 MPH)
Tyler Hedderman to second
Batting: LHB Nazir Wilson 0-0: Ball
1-0: Called Strike
1-1: Foul Ball, location: 2F
1-2: Ball
2-2: Foul Ball, location: 2F
2-2: Ball
3-2: Foul Ball, location: 2F
3-2: Base on Balls
Batting: SHB Tony Cantu 0-0: Called Strike
0-1: Ball
1-1: Foul Ball, location: 2F
1-2: Ball
2-2: Ball
3-2: Base on Balls
Tyler Hedderman to third
Nazir Wilson to second
Batting: LHB Ricardo Salas 0-0: Fly out, F7 (Flyball, 78S, EV 88.1 MPH)
Batting: LHB Adrian Moreno 0-0: Ball
1-0: Ball
2-0: Ball
3-0: Called Strike
3-1: Called Strike
3-2: Fly out, F9 (Flyball, 9, EV 81.9 MPH)
Bottom of the 1st over - 0 runs, 0 hits, 0 errors, 3 left on base; Fargo-Moorhead 1 - Lincoln 0
TOP OF THE 2ND
Fargo-Moorhead RedHawks batting - Pitching for Lincoln Saltdogs : LHP Tyler Anderson
Batting: RHB Josh Ekstrand 0-0: Foul Ball, location: 2F
0-1: Ball
1-1: Ball
2-1: Swinging Strike
2-2: Foul Ball, location: 2F
2-2: Ball
3-2: Ground out 6-3 (Groundball, 6, EV 80.6 MPH)
Batting: LHB Kyle Mathis 0-0: Fly out, F6 (Popup, 15S, EV 84.4 MPH)
Batting: RHB Kyle Connally 0-0: Ball
1-0: SOLO HOME RUN (Flyball, 7D, EV 93.1 MPH), Distance : 394 ft
Batting: RHB Allen Ollison 0-0: Fly out, F4 (Popup, 34S, EV 76.2 MPH)
Top of the 2nd over - 1 run, 1 hit, 0 errors, 0 left on base; Fargo-Moorhead 2 - Lincoln 0
BOTTOM OF THE 2ND
Lincoln Saltdogs batting - Pitching for Fargo-Moorhead RedHawks : RHP Chris Gill
Batting: RHB Manny Bentancourt 0-0: Called Strike
0-1: Foul Ball, location: 2F
0-2: Ball
1-2: Ball
2-2: Ball
3-2: SOLO HOME RUN (Line Drive, 7D, EV 100.0 MPH), Distance : 393 ft
Batting: RHB Martin Sarazin 0-0: Ball
1-0: Ball
2-0: Ball
3-0: Called Strike
3-1: Base on Balls
Batting: RHB Juan Ruiz 0-0: Called Strike
0-1: Ball
1-1: Fly out, F8 (Line Drive, 8LD, EV 99.4 MPH)
Batting: LHB Tyler Hedderman 0-0: Ball
1-0: Fly out, F9 (Flyball, 89M, EV 80.0 MPH)
Batting: RHB Noah Dotson 0-0: Ball
1-0: Fly out, F8 (Flyball, 89M, EV 80.0 MPH)
Bottom of the 2nd over - 1 run, 1 hit, 0 errors, 1 left on base; Fargo-Moorhead 2 - Lincoln 1
TOP OF THE 3RD
Fargo-Moorhead RedHawks batting - Pitching for Lincoln Saltdogs : LHP Tyler Anderson
Batting: LHB Pete Morton 0-0: SINGLE (Groundball, 4MD, EV 100.6 MPH)
Batting: RHB Rich Boone 0-0: Ball
1-0: Called Strike
1-1: Foul Ball, location: 2F
1-2: Ball
2-2: Foul Ball, location: 2F
2-2: Ball
3-2: DOUBLE (Line Drive, 5D, EV 95.0 MPH)
Pete Morton to third
Batting: RHB Luis Nerey 0-0: Ball
1-0: Ground out 4-3 (Groundball, 4, EV 111.9 MPH)
Pete Morton scores
Rich Boone to third
Batting: RHB Robert Pawley 0-0: Called Strike
0-1: Swinging Strike
0-2: Ball
1-2: Foul Ball, location: 2F
1-2: Foul Ball, location: 2F
1-2: Hit by Pitch
Batting: RHB Jon Ballejos 0-0: Swinging Strike
0-1: Foul Ball, location: 2F
0-2: Foul Ball, location: 2F
0-2: Ball
1-2: Fielders Choice at 2nd, 6-4 (Groundball, 56, EV 85.6 MPH)
Rich Boone scores
Batting: RHB Josh Ekstrand 0-0: Ball
1-0: Called Strike
1-1: Fielders Choice at 2nd, U6 (Groundball, 6M, EV 81.2 MPH)
Top of the 3rd over - 2 runs, 2 hits, 0 errors, 1 left on base; Fargo-Moorhead 4 - Lincoln 1
BOTTOM OF THE 3RD
Lincoln Saltdogs batting - Pitching for Fargo-Moorhead RedHawks : RHP Chris Gill
Batting: LHB Nazir Wilson 0-0: Swinging Strike
0-1: Ball
1-1: Ball
2-1: Fly out, F7 (Flyball, 7LS, EV 78.1 MPH)
Batting: SHB Tony Cantu 0-0: Called Strike
0-1: Fly out, F3 (Popup, 3S, EV 82.5 MPH)
Batting: LHB Ricardo Salas 0-0: Ball
1-0: Called Strike
1-1: Swinging Strike
1-2: Ball
2-2: Foul Ball, location: 2F
2-2: Ball
3-2: Base on Balls
Batting: LHB Adrian Moreno 0-0: Ball
1-0: Ground out 6-3 (Groundball, 4MS, EV 61.9 MPH)
Bottom of the 3rd over - 0 runs, 0 hits, 0 errors, 1 left on base; Fargo-Moorhead 4 - Lincoln 1
TOP OF THE 4TH
Fargo-Moorhead RedHawks batting - Pitching for Lincoln Saltdogs : LHP Tyler Anderson
Batting: LHB Kyle Mathis 0-0: Called Strike
0-1: Ball
1-1: Foul Ball, location: 2F
1-2: Fly out, F6 (Popup, 6, EV 68.8 MPH)
Batting: RHB Kyle Connally 0-0: Ball
1-0: Ball
2-0: Ball
3-0: Called Strike
3-1: Ground out 4-3 (Groundball, 4, EV 83.1 MPH)
Batting: RHB Allen Ollison 0-0: Ball
1-0: SINGLE (Groundball, 6MD, EV 100.0 MPH)
Batting: LHB Pete Morton 0-0: Called Strike
0-1: Foul Ball, location: 2F
0-2: Ball
1-2: Fly out, F9 (Flyball, 89D, EV 81.9 MPH)
Top of the 4th over - 0 runs, 1 hit, 0 errors, 1 left on base; Fargo-Moorhead 4 - Lincoln 1
BOTTOM OF THE 4TH
Lincoln Saltdogs batting - Pitching for Fargo-Moorhead RedHawks : RHP Chris Gill
Batting: RHB Manny Bentancourt 0-0: Ground out 4-3 (Groundball, 4, EV 106.9 MPH)
Batting: RHB Martin Sarazin 0-0: Fly out, F9 (Flyball, 9LM, EV 103.1 MPH)
Batting: RHB Juan Ruiz 0-0: Ball
1-0: Ball
2-0: Foul Ball, location: 2F
2-1: Called Strike
2-2: Ball
3-2: Base on Balls
Batting: LHB Tyler Hedderman 0-0: Called Strike
0-1: Ball
1-1: Swinging Strike
1-2: Foul Ball, location: 2F
1-2: Strikes out swinging
Bottom of the 4th over - 0 runs, 0 hits, 0 errors, 1 left on base; Fargo-Moorhead 4 - Lincoln 1
TOP OF THE 5TH
Fargo-Moorhead RedHawks batting - Pitching for Lincoln Saltdogs : LHP Tyler Anderson
Batting: RHB Rich Boone 0-0: SINGLE (Groundball, 4M, EV 96.9 MPH) (infield hit)
Batting: RHB Luis Nerey 0-0: Foul Ball, location: 2F
0-1: Swinging Strike
0-2: Ball
1-2: Ball
2-2: Fly out, F9 (Flyball, 9LM, EV 88.1 MPH)
Batting: RHB Robert Pawley 0-0: Foul Ball, location: 2F
0-1: Swinging Strike
0-2: Foul Ball, location: 2F
0-2: Ball
Rich Boone is caught stealing 2nd base 2-4
1-2: Strikes out swinging
Top of the 5th over - 0 runs, 1 hit, 0 errors, 0 left on base; Fargo-Moorhead 4 - Lincoln 1
BOTTOM OF THE 5TH
Lincoln Saltdogs batting - Pitching for Fargo-Moorhead RedHawks : RHP Chris Gill
Batting: RHB Noah Dotson 0-0: Ball
1-0: Ball
2-0: Ground out 6-3 (Groundball, 56, EV 102.5 MPH)
Batting: LHB Nazir Wilson 0-0: Ball
1-0: Ball
2-0: Ball
3-0: Base on Balls
Batting: SHB Tony Cantu 0-0: Ball
1-0: Foul Ball, location: 2F
1-1: Fly out, F8 (Flyball, 78D, EV 101.9 MPH)
Batting: LHB Ricardo Salas 0-0: Ball
1-0: Called Strike
1-1: Fly out, F9 (Flyball, 89S, EV 90.0 MPH)
Bottom of the 5th over - 0 runs, 0 hits, 0 errors, 1 left on base; Fargo-Moorhead 4 - Lincoln 1
TOP OF THE 6TH
Fargo-Moorhead RedHawks batting - Pitching for Lincoln Saltdogs : LHP Tyler Anderson
Batting: RHB Jon Ballejos 0-0: Foul Ball, location: 2F
0-1: Ball
1-1: Ball
2-1: Fly out, F8 (Flyball, 89M, EV 81.2 MPH)
Pitching: RHP Jake Hohensee
Batting: RHB Josh Ekstrand 0-0: Ball
1-0: Ball
2-0: SINGLE (Line Drive, 56, EV 97.5 MPH)
Batting: LHB Kyle Mathis 0-0: Called Strike
0-1: SINGLE (Line Drive, 9S, EV 99.4 MPH)
Josh Ekstrand to second
Runner from 2nd tries for 3rd, SAFE, throw by RF made to third
Batting: RHB Kyle Connally 0-0: Called Strike
0-1: Foul Ball, location: 2F
0-2: Foul Ball, location: 2F
0-2: Ball
1-2: Ball
2-2: Foul Ball, location: 2F
2-2: Fly out, F8 (Flyball, 89D, EV 84.4 MPH)
Runner from 3rd tags up, SCORES, throw by CF
Batting: RHB Allen Ollison 0-0: Ball
1-0: Foul Ball, location: 2F
1-1: Called Strike
1-2: Ball
2-2: SINGLE (Groundball, 6S, EV 65.0 MPH) (infield hit)
Kyle Mathis to second
Batting: LHB Pete Morton 0-0: Ground out 4-3 (Groundball, 4, EV 85.0 MPH)
Top of the 6th over - 1 run, 3 hits, 0 errors, 2 left on base; Fargo-Moorhead 5 - Lincoln 1
BOTTOM OF THE 6TH
Lincoln Saltdogs batting - Pitching for Fargo-Moorhead RedHawks : RHP Chris Gill
Batting: LHB Adrian Moreno 0-0: Ball
1-0: Ball
2-0: Called Strike
2-1: Ball
3-1: Called Strike
3-2: Fly out, F6 (Popup, 6M, EV 61.2 MPH)
Batting: RHB Manny Bentancourt 0-0: Ball
1-0: SOLO HOME RUN (Line Drive, 7LD, EV 111.2 MPH), Distance : 372 ft
Batting: RHB Martin Sarazin 0-0: Ball
1-0: Ball
2-0: Ball
3-0: Base on Balls
Batting: RHB Juan Ruiz 0-0: Ball
1-0: Called Strike
1-1: Called Strike
1-2: Ball
2-2: Foul Ball, location: 2F
2-2: Ball
3-2: Foul Ball, location: 2F
3-2: Grounds into double play, 6-4-3 (Groundball, 6, EV 87.5 MPH)
Bottom of the 6th over - 1 run, 1 hit, 0 errors, 0 left on base; Fargo-Moorhead 5 - Lincoln 2
TOP OF THE 7TH
Fargo-Moorhead RedHawks batting - Pitching for Lincoln Saltdogs : RHP Jake Hohensee
Batting: RHB Rich Boone 0-0: Fly out, F8 (Line Drive, 8LD, EV 89.4 MPH)
Batting: RHB Luis Nerey 0-0: Ball
1-0: Ball
2-0: Ball
3-0: Ground out U3 (Groundball, 34S, EV 88.1 MPH)
Batting: RHB Robert Pawley 0-0: Ball
1-0: Ball
2-0: Called Strike
2-1: Ball
3-1: Foul Ball, location: 2F
3-2: Base on Balls
Batting: RHB Jon Ballejos 0-0: Called Strike
0-1: Foul Ball, location: 2F
0-2: Ball
1-2: TRIPLE (Line Drive, 7D, EV 110.0 MPH)
Robert Pawley scores
Batting: RHB Josh Ekstrand 0-0: Swinging Strike
0-1: Fly out, F8 (Flyball, 8RD, EV 98.1 MPH)
Top of the 7th over - 1 run, 1 hit, 0 errors, 1 left on base; Fargo-Moorhead 6 - Lincoln 2
BOTTOM OF THE 7TH
Lincoln Saltdogs batting - Pitching for Fargo-Moorhead RedHawks : RHP Chris Gill
Pitching: LHP Bill Cocherell
Batting: LHB Tyler Hedderman 0-0: Foul Ball, location: 2F
0-1: Ball
1-1: Fly out, F2 (Popup, 2LF, EV 88.8 MPH)
Batting: RHB Noah Dotson 0-0: Called Strike
0-1: Swinging Strike
0-2: Foul Ball, location: 2F
0-2: Ground out 6-3 (Groundball, 6, EV 82.5 MPH)
Batting: LHB Nazir Wilson 0-0: Ball
1-0: Ball
2-0: Ball
3-0: Called Strike
3-1: Called Strike
3-2: Base on Balls
Batting: SHB Tony Cantu 0-0: Called Strike
0-1: Foul Ball, location: 2F
0-2: Hit by Pitch
Nazir Wilson to second
Batting: LHB Ricardo Salas 0-0: Called Strike
0-1: Ball
1-1: Swinging Strike
1-2: Foul Ball, location: 2F
1-2: Foul Ball, location: 2F
1-2: Ball
2-2: Foul Ball, location: 2F
2-2: Ball
3-2: Foul Ball, location: 2F
3-2: Foul Ball, location: 2F
3-2: Foul Ball, location: 2F
3-2: Fly out, F8 (Line Drive, 8RD, EV 92.5 MPH)
Bottom of the 7th over - 0 runs, 0 hits, 0 errors, 2 left on base; Fargo-Moorhead 6 - Lincoln 2
TOP OF THE 8TH
Fargo-Moorhead RedHawks batting - Pitching for Lincoln Saltdogs : RHP Jake Hohensee
Batting: LHB Kyle Mathis 0-0: Called Strike
0-1: Foul Ball, location: 2F
0-2: Ball
1-2: Foul Ball, location: 2F
1-2: Fly out, F8 (Flyball, 8RD, EV 106.9 MPH)
Batting: RHB Kyle Connally 0-0: Ball
1-0: Ball
2-0: Ball
3-0: Base on Balls
Pitching: LHP Alex Garcia
Batting: RHB Allen Ollison 0-0: Ball
1-0: Ball
2-0: Foul Ball, location: 2F
2-1: Ground out 6-3 (Groundball, 6, EV 83.8 MPH)
Kyle Connally to second
Batting: LHB Pete Morton 0-0: Foul Ball, location: 2F
0-1: Called Strike
0-2: Ball
1-2: Ball
2-2: Ball
3-2: Ground out 4-3 (Groundball, 4, EV 89.4 MPH)
Top of the 8th over - 0 runs, 0 hits, 0 errors, 1 left on base; Fargo-Moorhead 6 - Lincoln 2
BOTTOM OF THE 8TH
Lincoln Saltdogs batting - Pitching for Fargo-Moorhead RedHawks : LHP Bill Cocherell
Batting: LHB Adrian Moreno 0-0: Ball
1-0: Ball
2-0: Called Strike
2-1: Swinging Strike
2-2: Ball
3-2: Fly out, F8 (Flyball, 8RD, EV 98.8 MPH)
Batting: RHB Manny Bentancourt 0-0: Called Strike
0-1: Called Strike
0-2: Ball
1-2: Fly out, F7 (Line Drive, 7, EV 90.6 MPH)
Batting: RHB Martin Sarazin 0-0: Ball
1-0: Ground out 6-3 (Groundball, 56, EV 99.4 MPH)
Bottom of the 8th over - 0 runs, 0 hits, 0 errors, 0 left on base; Fargo-Moorhead 6 - Lincoln 2
TOP OF THE 9TH
Fargo-Moorhead RedHawks batting - Pitching for Lincoln Saltdogs : LHP Alex Garcia
Pitching: RHP Ryan Richardson
Batting: RHB Rich Boone 0-0: Foul Ball, location: 2F
0-1: Called Strike
0-2: Ball
1-2: Foul Ball, location: 2F
1-2: Fly out, F9 (Flyball, 9D, EV 108.1 MPH)
Batting: RHB Luis Nerey 0-0: Called Strike
0-1: Foul Ball, location: 2F
0-2: Ball
1-2: Strikes out swinging
Batting: RHB Robert Pawley 0-0: Called Strike
0-1: Ball
1-1: Ball
2-1: SOLO HOME RUN (Flyball, 7D, EV 106.9 MPH), Distance : 398 ft
Batting: RHB Jon Ballejos 0-0: Swinging Strike
0-1: Called Strike
0-2: Ball
1-2: Ball
2-2: Ball
3-2: Foul Ball, location: 2F
3-2: Foul Ball, location: 2F
3-2: Base on Balls
Batting: RHB Josh Ekstrand 0-0: Called Strike
0-1: Fly out, F8 (Flyball, 8RM, EV 86.2 MPH)
Top of the 9th over - 1 run, 1 hit, 0 errors, 1 left on base; Fargo-Moorhead 7 - Lincoln 2
BOTTOM OF THE 9TH
Lincoln Saltdogs batting - Pitching for Fargo-Moorhead RedHawks : LHP Bill Cocherell
Batting: RHB Juan Ruiz 0-0: Called Strike
0-1: Fly out, F2 (Popup, 25F, EV 78.8 MPH)
Batting: LHB Tyler Hedderman 0-0: Called Strike
0-1: Called Strike
0-2: Ball
1-2: Foul Ball, location: 2F
1-2: Foul Ball, location: 2F
1-2: Fly out, F8 (Line Drive, 8RD, EV 97.5 MPH)
Pitching: RHP Rocky McKelvie
Batting: RHB Noah Dotson 0-0: Ground out 5-3 (Groundball, 56S, EV 83.1 MPH)
Bottom of the 9th over - 0 runs, 0 hits, 0 errors, 0 left on base; Fargo-Moorhead 7 - Lincoln 2
Wednesday, October 27th , 2021 - OOTP Baseball 22.10 Build 79